 Dungeon Crawl Stone Soup version 0.16-a0-4112-g89a4107 (webtiles) character file.

65636 abixa the Nimble (level 15, 85/104 HPs)
             Began as a Human Gladiator on Feb 25, 2015.
             Was an Elder of Okawaru.
             Quit the game on level 8 of the Lair of Beasts on Feb 27, 2015.
             The game lasted 04:05:23 (42539 turns).

abixa the Nimble (Human Gladiator)                 Turns: 42539, Time: 04:05:23

Health: 85/104     AC: 22    Str: 16    XL:     15   Next: 59%
Magic:  29/29      EV: 19    Int: 14    God:    Okawaru [****..]
Gold:   1340       SH:  0    Dex: 18    Spells: 0 memorised, 14 levels left

rFire  + + +     SeeInvis .     r - +0 rod of shadows (3/12)
rCold  . . .     Clarity  .     v - +2 shadow dragon armour
rNeg   + . .     SustAb   .     (no shield)
rPois  .         Gourm    .     o - +2 hat {rF+}
rElec  +         Spirit   .     e - +0 cloak
rCorr  .         Warding  .     W - +0 pair of gloves
rMut   .         Stasis   .     Y - +0 pair of boots
MR     +....                    d - amulet of rage
Stlth  +++.......               h - ring "Blymnuv" {rElec rF+ rN+ EV+4 Dex+4 Stlth-}
                                k - ring of protection from fire

@: starving, somewhat resistant to hostile enchantments, fairly stealthy
A: no striking features
a: Heroism, Renounce Religion, Evoke Berserk Rage


You were on level 8 of the Lair of Beasts.
You worshipped Okawaru.
Okawaru was greatly pleased with you.
You were starving.

You visited 4 branches of the dungeon, and saw 24 of its levels.
You also visited: Labyrinth, Ossuary and Volcano.

You collected 2513 gold pieces.
You spent 954 gold pieces at shops.
You donated 219 gold pieces to Zin.

Inventory:

Hand weapons
 a - a +0 quarterstaff
 n - a +0 blowgun
Missiles
 s - 100 poisoned needles
 z - 42 tomahawks
 M - 2 javelins (quivered)
Armour
 c - a +1 ring mail of cold resistance
 e - a +0 cloak (worn)
 g - the -2 robe of Experimentation {MR+ SInv}
   (You found it on level 6 of the Lair of Beasts)

   It affects your resistance to hostile enchantments.
   It enhances your eyesight.
 o - a +2 hat of fire resistance (worn)
 v - a +2 shadow dragon armour (worn)
 W - a +0 pair of gloves (worn)
 Y - a +0 pair of boots (worn)
Rods
 q - a +5 iron rod (6/14)
   (You found it in a labyrinth)
 r - a +0 rod of shadows (3/12) (weapon)
   (You found it on level 6 of the Dungeon)
 w - a +0 iron rod (6/11)
   (You found it on level 5 of the Lair of Beasts)
Jewellery
 d - an amulet of rage (around neck)
 h - the ring "Blymnuv" (right hand) {rElec rF+ rN+ EV+4 Dex+4 Stlth-}
   (You bought it in a shop on level 6 of the Dungeon)

   [ring of evasion]

   It affects your evasion (+4).
   It affects your dexterity (+4).
   It protects you from fire.
   It insulates you from electricity.
   It protects you from negative energy.
   It makes you less stealthy.
 k - a ring of protection from fire (left hand)
 D - the amulet of Wyajo {Inacc rElec rN+ Dex-2}
   (You found it on level 4 of the Lair of Beasts)

   [amulet of inaccuracy]

   It reduces the accuracy of all your attacks.
   It affects your dexterity (-2).
   It insulates you from electricity.
   It protects you from negative energy.
Magical devices
 f - a wand of paralysis (9)
 j - a wand of flame (15)
 l - a wand of digging (17)
 u - a wand of magic darts (14)
 y - a wand of confusion (25)
 B - a wand of enslavement (14)
 F - a wand of cold (5)
 N - a wand of disintegration (17)
 O - a wand of flame (23)
Scrolls
 b - a scroll of fear
 i - 6 scrolls of blinking
 x - 4 scrolls of remove curse
 C - a scroll of recharging {unknown}
 I - a scroll of summoning {unknown}
 J - 2 scrolls of teleportation
 Q - 2 scrolls of immolation
 Z - a scroll of fog
Potions
 p - a potion of ambrosia
 t - a potion of cancellation
 A - 6 potions of curing
 E - a potion of flight
 G - a potion of invisibility
 H - a potion of might
 K - 4 potions of heal wounds
 P - 4 potions of agility
 S - 3 potions of resistance
 X - 2 potions of haste
Books
 R - a book of Conjurations

   Spells                             Type                      Level
   a - Magic Dart                     Conjuration                  1
   b - Searing Ray                    Conjuration                  2
   c - Dazzling Spray                 Conjuration/Hexes            3
   d - Fulminant Prism                Conjuration/Hexes            4
   e - Iskenderun's Mystic Blast      Conjuration                  4
   f - Iskenderun's Battlesphere      Conjuration/Charms           5
Miscellaneous
 m - a plain deck of defence {drawn: 2}
Comestibles
 T - 9 bread rations


   Skills:
 - Level 5.6 Fighting
 - Level 14.0 Staves
 - Level 2.0 Throwing
 - Level 10.0 Armour
 - Level 14.8 Dodging
 - Level 2.8 Stealth
 - Level 7.7 Invocations
 + Level 10.9 Evocations


You had 14 spell levels left.
You didn't know any spells.

Dungeon Overview and Level Annotations

Branches:
Dungeon (11/15)            Temple (1/1) D:7            Lair (8/8) D:10
  Swamp (0/5) Lair:3       Spider (0/5) Lair:6        Slime (0/6) Lair:8
    Orc (4/4) D:10            Elf (0/3) Orc:3

Altars:
Ashenzari
Cheibriados
Dithmenos
Elyvilon
Fedhas
Gozag
Kikubaaqudgha
Makhleb
Nemelex Xobeh
Okawaru
Qazlal
Ru
Sif Muna
Trog
Vehumet
Xom
Yredelemnul
Zin
The Shining One
Beogh
Jiyva

Shops:
D:6 *==(   Orc:3 }   Orc:4 =([*!

Annotations:
D:9 exclusion: oklob plant
Lair:2 exclusion: plant
Lair:3 Erica, Rupert
Lair:5 rN+ +3 ring mail artifact


Message History

Throwing (i - inventory. (,) - cycle):
M - 3 javelins (quivered)
Press: ? - help, Shift-Dir - straight line, f/p - yak
Aim: a yak (moderately wounded)
You throw a javelin.
The javelin closely misses the manticore.
The javelin hits the yak!
The yak is severely wounded.
A six-headed hydra comes into view.
Wield which item (- for none, * to show all)? (? for menu, Esc to quit)
r - a +0 rod of shadows (8/12) (weapon)
Wisps of shadow whirl around you...
The six-headed hydra roars!
You are starving!
The manticore bites you but does no damage.
The manticore claws you but does no damage.
The manticore closely misses you.
Eat which item? (? for menu, Esc to quit)
Okay, then.
Unknown command.
Are you sure you want to abandon this character and quit the game? (Confirm with "yes".)

...### ########## #### ###....<....
..### #####...## #### ##........
....# #.#P.....# ...# ##.......
....## ##.......##... . ##.....P.
.....###.........#.# ... #........
....###P..........###...# #........
....###....###........... ##.......
....##.....# #.#..H......# #.......
....##P....#...##@......# ##.......
########...#...##H.#.....##........
.##...#...########Y..######.......#
.##...#.....# D#... #........#
..#.#.#..^..# (...####.........
...###.....## (..###...........
..........P# (P# #......÷†≈..≈
#.........## (####...[...≈≈♣.♣
#.........# ###........♣≈P♣≈≈


You could see a six-headed hydra, a manticore, a yak and a friendly griffon.

Vanquished Creatures
  A fire dragon (Lair:8)
  5 hydras
  2 death yaks
  4 orc high priests (Orc:4)
  Nergalle (Lair:7)
  A catoblepas (Lair:8)
  A fire crab (Lair:7)
  A hill giant (D:10)
  An orc knight (Orc:4)
  5 orc sorcerers
  2 griffons
  A manticore (Lair:8)
  7 elephants
  19 spiny frogs
  A queen ant (Lair:5)
  4 torpor snails
  4 black mambas
  A yaktaur (Volcano)
  11 komodo dragons
  4 trolls
  A polar bear (Lair:5)
  3 boulder beetles
  3 fire drakes
  14 blink frogs
  A basilisk (Lair:5)
  2 ravens (D:10)
  A trapdoor spider (D:10)
  34 yaks
  2 fire bats (Lair:1)
  A wyvern (Lair:8)
  2 steam dragons (Lair:8)
  10 hippogriffs
  A mottled dragon (Lair:8)
  A warg (Orc:3)
  6 wolves
  An insubstantial wisp (Lair:3)
  9 porcupines
  5 soldier ants
  A swamp drake (Lair:8)
  22 orc warriors
  A sky beast (D:9)
  16 water moccasins
  A black bear (D:4)
  A necrophage (D:9)
  12 ogres
  2 phantoms
  An ice beast (D:11)
  2 boring beetles
  7 centaurs
  16 crocodiles
  2 big kobolds
  20 giant frogs
  4 water moccasin zombies (Ossuary)
  11 scorpions
  10 killer bees
  3 electric eels (Lair:8)
  9 hounds
  9 crimson imps
  A quasit (D:8)
  2 goliath beetles
  20 worker ants
  17 orc priests
  13 iguanas
  23 orc wizards
  A centaur skeleton (D:6)
  3 killer bee zombies
  5 big kobold zombies (Ossuary)
  16 sheep
  A hound zombie (D:5)
  3 mummies
  A worker ant zombie (D:8)
  7 gnolls (D:3)
  23 adders
  4 giant mites
  5 shadow imps
  32 river rats
  2 worms
  6 adder zombies
  An adder skeleton (D:9)
  7 giant geckos
  An ooze (D:2)
  123 orcs
  A ball python (D:3)
  23 bats
  5 giant cockroaches
  18 goblins
  9 hobgoblins
  14 jackals
  8 quokkas
  A giant cockroach zombie (D:6)
  A giant gecko skeleton (D:5)
  2 giant gecko zombies
  4 giant newts
  A gnoll zombie (Ossuary)
  3 hobgoblin zombies (Ossuary)
  20 kobolds
  7 kobold zombies
  7 orc zombies
  15 rats
  A spectral orc (Lair:7)
  4 fungi
784 creatures vanquished.

Vanquished Creatures (collateral kills)
  An orc warlord (Orc:4)
  A minotaur (Lab)
  Harold (Lair:3)
  4 hydras
  A centaur warrior (Volcano)
  A tengu warrior (D:10)
  A death yak (Lair:8)
  An orc high priest (Orc:4)
  2 deep trolls
  2 hill giants
  An orc knight (Orc:4)
  A griffon (Lair:8)
  2 black mambas
  3 spiny frogs
  3 komodo dragons
  3 trolls (Orc:3)
  A two-headed ogre (Orc:2)
  3 blink frogs
  3 basilisks (Lair:8)
  A fire bat (Lair:1)
  7 yaks
  A hippogriff (Lair:8)
  2 hungry ghosts
  A steam dragon (Lair:8)
  A warg (Orc:1)
  6 wolves
  2 water moccasins
  3 ice beasts (D:9)
  A swamp drake (Lair:8)
  An ogre (Orc:2)
  4 orc warriors
  A giant frog (Lair:6)
  2 killer bees (D:7)
  An electric eel (Lair:8)
  A hound (Lair:3)
  2 orc priests
  An iguana (Lair:6)
  An orc wizard (Orc:4)
  A sheep (Lair:8)
  An adder (D:11)
  10 river rats
  16 orcs
  A rat (D:10)
  A spectral orc (Lair:7)
104 creatures vanquished.

Vanquished Creatures (others)
  2 centaur warriors
  A wizard (Lair:8)
  A hill giant (Lair:8)
  An unseen horror (Orc:4)
  A gargoyle (Lair:1)
  3 two-headed ogres
  2 trolls
  2 ravens
  A trapdoor spider (Volcano)
  A wyvern (Lair:8)
  A mottled dragon (Lair:2)
  An ogre (Orc:4)
  A centaur (D:10)
  3 giant frogs
  An orc wizard (Lair:8)
  An adder (Lair:8)
  An orc (Lair:8)
  6 fungi
  4 plants
34 creatures vanquished.

Grand Total: 922 creatures vanquished

Notes
Turn   | Place    | Note
--------------------------------------------------------------
     0 | D:1      | abixa, the Human Gladiator, began the quest for the Orb.
     0 | D:1      | Reached XP level 1. HP: 16/16 MP: 1/1
   100 | D:1      | Reached XP level 2. HP: 22/22 MP: 2/2
   530 | D:2      | Found a snail-covered altar of Cheibriados.
   564 | D:2      | Reached skill level 4 in Staves
   564 | D:2      | Reached XP level 3. HP: 25/27 MP: 3/3
   994 | D:2      | Reached XP level 4. HP: 33/33 MP: 4/4
  1179 | D:2      | Reached skill level 5 in Staves
  1468 | D:2      | Reached XP level 5. HP: 23/38 MP: 5/5
  1869 | D:3      | Reached skill level 1 in Armour
  2363 | D:3      | Reached XP level 6. HP: 44/44 MP: 6/6
  2849 | D:4      | Reached skill level 6 in Staves
  3359 | D:4      | Reached skill level 1 in Evocations
  3359 | D:4      | Reached XP level 7. HP: 50/50 MP: 6/8
  3461 | D:4      | Found a sparkling altar of Nemelex Xobeh.
  4433 | D:4      | Noticed a black bear
  4456 | D:4      | Killed a black bear
  4654 | D:5      | Entered Level 5 of the Dungeon
  4735 | D:5      | Noticed an angel
  4742 | D:5      | Reached XP level 8. HP: 56/56 MP: 12/12
  5149 | D:5      | Found a shimmering altar of Xom.
  5411 | D:5      | HP: 2/56 [poisoned by an orc wizard]
  5418 | D:5      | HP: 1/56 [poisoned by an orc wizard]
  5426 | D:5      | HP: 1/56 [poisoned by an orc wizard]
  5958 | D:4      | Reached skill level 7 in Staves
  6340 | D:5      | Found a glowing silver altar of Zin.
  6405 | D:5      | Became a worshipper of Zin the Law-Giver
  6405 | D:5      | Acquired Zin's first power
  6454 | D:5      | Found a bloodstained altar of Trog.
  6454 | D:5      | Found a radiant altar of Vehumet.
  6455 | D:5      | Found a white marble altar of Elyvilon.
  6504 | D:5      | Reached skill level 5 in Armour
  6560 | D:5      | Reached skill level 5 in Evocations
  6706 | D:5      | Reached XP level 9. HP: 53/61 MP: 17/17
  6875 | D:5      | Reached skill level 8 in Staves
  6946 | D:5      | Found a basalt altar of Yredelemnul.
  6947 | D:5      | Noticed a profane servitor
  6955 | D:5      | Found a glowing golden altar of the Shining One.
  6956 | D:5      | Noticed an angel
  7204 | D:6      | Found Adaseat's Assorted Antiques.
  7640 | D:6      | Found Crebo's Assorted Antiques.
  7647 | D:6      | Got a fine ring mail
  7658 | D:6      | Identified the +3 ring mail of an ossuary {rN+ Stlth+} (You found it on level 6 of the Dungeon)
  7825 | D:6      | Acquired Zin's second power
  7826 | D:6      | Found Dupas' Jewellery Boutique.
  8095 | D:6      | Found Biyntoaq's Weapon Shoppe.
  8307 | D:6      | Identified a +0 rod of shadows (12/12) (You found it on level 6 of the Dungeon)
  8439 | D:6      | Reached skill level 9 in Staves
  8550 | D:6      | Found Lomyxtiz's Jewellery Shop.
  8771 | D:7      | Found a glowing golden altar of the Shining One.
  9226 | D:7      | Found a staircase to the Ecumenical Temple.
  9240 | Temple   | Entered the Ecumenical Temple
  9528 | D:7      | Reached XP level 10. HP: 64/67 MP: 20/20
 10563 | D:8      | Found a sand-covered staircase.
 10568 | Ossuary  | Entered an ossuary
 10725 | Ossuary  | Acquired Zin's third power
 10742 | Ossuary  | Reached skill level 1 in Invocations
 10755 | Ossuary  | Reached skill level 10 in Staves
 12717 | D:9      | Got an encrusted long sword
 13348 | D:9      | Found a blossoming altar of Fedhas.
 13364 | D:9      | Noticed an oklob plant
 13526 | D:10     | Entered Level 10 of the Dungeon
 13528 | D:10     | Noticed a hill giant
 13541 | D:10     | Killed a hill giant
 13547 | D:10     | Found a staircase to the Lair.
 13590 | D:10     | Reached XP level 11. HP: 67/72 MP: 22/22
 13800 | D:10     | Noticed a hill giant
 14025 | D:10     | Acquired Zin's fourth power
 14040 | D:10     | Identified the +1 long sword of Fudghopur {drain, rPois Str+4} (You found it on level 9 of the Dungeon)
 14087 | D:10     | Reached skill level 11 in Staves
 14194 | D:10     | Noticed a tengu warrior
 14680 | D:11     | Found a blossoming altar of Fedhas.
 14722 | D:11     | Noticed a hill giant
 14766 | D:11     | Killed a hill giant
 15226 | Lair:1   | Entered Level 1 of the Lair of Beasts
 15322 | Lair:1   | Found a dark tunnel.
 15555 | Volcano  | Entered a volcano
 15641 | Volcano  | Noticed a centaur warrior
 15652 | Volcano  | Killed a centaur warrior
 16092 | Lair:1   | Reached skill level 5 in Invocations
 17151 | Lair:1   | Reached skill level 12 in Staves
 17387 | Lair:2   | Noticed a five-headed hydra
 17851 | Lair:2   | Reached XP level 12. HP: 80/80 MP: 24/24
 17962 | Lair:2   | Killed a five-headed hydra
 18940 | Lair:1   | You fall through a shaft!
 19631 | Lair:3   | Noticed a four-headed hydra
 19686 | Lair:3   | Killed a four-headed hydra
 20678 | Lair:3   | Noticed Rupert
 20710 | Lair:3   | Noticed Harold
 21157 | Lair:2   | Reached skill level 10 in Evocations
 22386 | D:10     | Found a staircase to the Orcish Mines.
 23153 | D:10     | Killed a tengu warrior
 23153 | D:10     | Reached skill level 13 in Staves
 23495 | D:10     | Killed a hill giant
 23495 | D:10     | Reached skill level 1 in Stealth
 23559 | Orc:1    | Entered Level 1 of the Orcish Mines
 24216 | Orc:1    | Reached skill level 5 in Fighting
 24369 | Orc:3    | Found an iron altar of Okawaru.
 24371 | Orc:3    | Found a staircase to the Elven Halls.
 24460 | Orc:3    | Found Sageppar's Quality Used Wands.
 25203 | Orc:2    | Found Sotho's Distillery.
 25348 | Orc:2    | Reached XP level 13. HP: 82/91 MP: 26/26
 25559 | Orc:4    | Entered Level 4 of the Orcish Mines
 25810 | Orc:2    | Found a roughly hewn altar of Beogh.
 27090 | Lair:2   | Reached skill level 10 in Armour
 27399 | Lair:1   | Upgraded the game from 0.16-a0-4099-g0be755f to 0.16-a0-4111-gf762223
 27625 | Lair:3   | Killed Harold
 27872 | Lair:3   | Found a staircase to the Swamp.
 27881 | Lair:3   | Noticed Erica
 28345 | Lair:4   | Got a heavily runed graven amulet
 28599 | Lair:4   | Found a labyrinth entrance.
 28607 | Lab      | Entered a labyrinth
 28925 | Lab      | Noticed a minotaur
 28935 | Lab      | Killed a minotaur
 28947 | Lab      | Got a warped spear
 28993 | Lair:4   | Identified the amulet of Wyajo {Inacc rElec rN+ Dex-2} (You found it on level 4 of the Lair of Beasts)
 29212 | Lair:4   | Reached skill level 14 in Staves
 30605 | Lair:5   | Reached skill level 5 in Dodging
 32058 | Lair:6   | Got a tattered robe
 32245 | Lair:6   | Reached XP level 14. HP: 33/98 MP: 28/28
 32603 | Lair:6   | Found a hole to the Spider Nest.
 33625 | Lair:6   | Identified the cursed -2 robe of Experimentation {MR+ SInv} (You found it on level 6 of the Lair of Beasts)
 34249 | Lair:7   | Reached skill level 10 in Dodging
 34866 | Lair:7   | Noticed Nergalle
 35192 | Lair:7   | Killed Nergalle
 35553 | D:6      | Bought the ring "Blymnuv" {rElec rF+ rN+ EV+4 Dex+4 Stlth-} for 954 gold pieces
 35882 | Orc:4    | Found Siutocan's Jewellery Shop.
 36465 | Orc:4    | Found Goics' Antique Weapon Emporium.
 36484 | Orc:4    | Paralysed by an orc sorcerer for 3 turns
 36796 | Orc:4    | Found Yret's Antique Armour Emporium.
 37028 | Orc:4    | Noticed an orc warlord
 37408 | Orc:4    | Found Clumuvuw's Distillery.
 37550 | Orc:4    | Paralysed by an orc sorcerer for 5 turns
 37593 | Orc:4    | Killed an orc warlord
 37597 | Orc:3    | Upgraded the game from 0.16-a0-4111-gf762223 to 0.16-a0-4112-g89a4107
 37626 | Orc:3    | Fell from the grace of Zin
 37626 | Orc:3    | Became a worshipper of Warmaster Okawaru
 37837 | Orc:4    | Found Ytoaj's General Store.
 38795 | Lair:8   | Entered Level 8 of the Lair of Beasts
 39173 | Lair:8   | Acquired Okawaru's first power
 39631 | Lair:8   | Reached XP level 15. HP: 92/104 MP: 29/29
 40170 | Lair:8   | Found a viscous altar of Jiyva.
 40172 | Lair:8   | Found a staircase to the Slime Pits.
 42539 | Lair:8   | Quit the game

Action                   |  1- 3 |  4- 6 |  7- 9 | 10-12 | 13-15 || total
-------------------------+-------+-------+-------+-------+-------++-------
Melee: Quarterstaff      |    84 |   180 |   436 |  1460 |  1975 ||  4135
       Dagger            |       |       |    30 |    86 |       ||   116
 Fire: Hunting sling     |       |    23 |    17 |     1 |       ||    41
       Blowgun           |       |     3 |    63 |   115 |   110 ||   291
Throw: Stone             |     6 |    41 |    67 |    13 |       ||   127
       Tomahawk          |       |       |       |    57 |    76 ||   133
       Javelin           |       |       |       |       |    23 ||    23
Invok: Recite            |       |       |     1 |       |    16 ||    17
       Vitalisation      |       |       |       |     5 |     6 ||    11
 Abil: Evoke Berserk Rag |       |       |       |       |     1 ||     1
Evoke: Wand              |       |     1 |     8 |     7 |    13 ||    29
       Rod               |       |       |     1 |    36 |   111 ||   148
       Deck              |       |       |       |       |     2 ||     2
  Use: Scroll            |       |     7 |     4 |    14 |    12 ||    37
       Potion            |       |       |     1 |       |       ||     1
 Stab: Sleeping          |       |       |     3 |     9 |    18 ||    30
       Distracted        |       |       |       |     7 |    12 ||    19
       Petrifying        |       |       |       |     1 |     1 ||     2
       Confused          |       |       |       |       |     7 ||     7
       Invisible         |       |       |       |       |     4 ||     4
       Paralysed         |       |       |       |       |     3 ||     3
       Petrified         |       |       |       |       |     4 ||     4
  Eat: Chunk             |       |     7 |    18 |    30 |    66 ||   121
       Beef jerky        |       |       |     1 |     2 |       ||     3
       Meat ration       |       |       |       |     2 |       ||     2
       Fruit             |       |       |       |     9 |    30 ||    39
       Pizza             |       |       |       |     1 |       ||     1
       Bread ration      |       |       |       |     2 |     1 ||     3
